 Dungeon Crawl Stone Soup version 0.25-a0-597-gb30770a0c0 (webtiles) character file.

Game seed: 12034596335366075085, levelgen mode: deterministic

28 An17 the Chopper (level 3, 0/26 HPs)
             Began as a Human Wanderer on Mar 15, 2020.
             Slain by a leopard gecko (4 damage)
             ... on level 1 of the Dungeon.
             The game lasted 00:02:15 (892 turns).

An17 the Chopper (Human Wanderer)                    Turns: 892, Time: 00:02:16

Health: 0/26       AC:  2    Str: 14    XL:     3   Next: 30%
Magic:  3/3        EV: 11    Int: 11    God:
Gold:   18         SH:  0    Dex: 12    Spells: 2/2 levels left

rFire    . . .     SeeInvis .   a - +2 hand axe
rCold    . . .     Gourm    .   (no shield)
rNeg     . . .     Faith    .   d - +0 robe
rPois    .         Spirit   .   (no helmet)
rElec    .         Reflect  .   (no cloak)
rCorr    .         Harm     .   (no gloves)
MR       .....                  (no boots)
Stlth    ++........             e - amulet of rage
HPRegen  0.08/turn              (no ring)
MPRegen  0.08/turn              (no ring)

@: no status effects
A: no striking features
a: Evoke Berserk Rage


You were on level 1 of the Dungeon.
You were not hungry.

You visited 1 branch of the dungeon, and saw 2 of its levels.

You collected 18 gold pieces.

Inventory:

Hand Weapons
 a - a +2 hand axe (weapon)
 c - a +0 spear
Armour
 d - a +0 robe (worn)
Jewellery
 e - an amulet of rage (around neck)
Potions
 b - a potion of lignification
 g - a potion of haste {unknown}
 h - a potion of magic {unknown}
 i - a potion of invisibility {unknown}
 j - 2 potions of berserk rage
 k - a potion of mutation {unknown}
Comestibles
 f - 4 rations


   Skills:
 + Level 1.3 Fighting
 + Level 3.9(4.2) Axes
 + Level 2.2(3.4) Polearms
 + Level 1.0 Dodging
 + Level 1.0 Stealth
   Level 1.0 Shields
 + Level 1.0 Evocations


You had 2 spell levels left.
You didn't know any spells.
Your spell library was empty.

Dungeon Overview and Level Annotations

Branches:
Dungeon (2/15)

Altars:


Message History

The leopard gecko bites you.
A dart slug comes into view.
There is a stone staircase leading up here.
The giant cockroach bites you. The leopard gecko closely misses you.
You climb upwards.
There is a stone staircase leading down here.
You hit the giant cockroach but do no damage.
You hit the leopard gecko. The giant cockroach barely misses you.
The leopard gecko bites you.
You closely miss the giant cockroach. You closely miss the leopard gecko.
The giant cockroach bites you but does no damage.
The leopard gecko bites you.
* * * LOW HITPOINT WARNING * * *
The giant cockroach closely misses you. The leopard gecko closely misses you.
You barely miss the giant cockroach. You closely miss the leopard gecko.
The giant cockroach barely misses you. The leopard gecko closely misses you.
You closely miss the giant cockroach. You miss the leopard gecko.
The giant cockroach barely misses you. The leopard gecko barely misses you.
The leopard gecko bites you.
You die...

.....###.....#.#......#.....#.###
(###.# #.....#.#.###.##.#.#.#....
.# #.# #.....#.#.###.##.#.#.#####
.# #.# #.....#..........#........
## #.# #.........###.#####....###
# #.# #.........###.# #....... #
#.# #.............#####....### #
#.# #.......ls.............#.. #
#.# #####.##.@...#########.#.#
####.##### #.##...........#...#.#
#........###.####...#####.#+#.#..
#.##.###.#...# #.((# #........##
#...........#####...# #..........
####.###.#..........# #........##
.....# #.#.........## #........'.
##...# #.#........(# #........##
#...# #.#(.####...# #........#


You could see a leopard gecko and a giant cockroach.

Vanquished Creatures
  4 giant cockroaches (D:1)
  4 goblins (D:1)
  4 hobgoblins
  5 jackals (D:1)
  2 bats (D:1)
  4 kobolds (D:1)
  3 rats (D:1)
26 creatures vanquished.

Notes
Turn   | Place    | Note
-------+----------+-------------------------------------------
     0 | D:1      | An17 the Human Wanderer began the quest for the Orb.
     0 | D:1      | An17 set off with the following items: a +2 hand axe, a
                  | potion of lignification, a +0 spear, a +0 robe, a ration
     0 | D:1      | Reached XP level 1. HP: 15/15 MP: 1/1
   118 | D:1      | Reached XP level 2. HP: 12/21 MP: 2/2
   681 | D:1      | Reached XP level 3. HP: 22/26 MP: 3/3
   892 | D:1      | Slain by a leopard gecko

Levels and vault maps discovered:
D:1:      lightli_arrival_statuegarden, layout_basic
D:2:      layout_rooms

Action                   || total
-------------------------++-------
Melee: Hand axe          ||    66
  Use: Scroll            ||     3
Armor: Robe              ||    19
Dodge: Dodged            ||    68

Table legend:
 A = Non-vault XP
 B = Vault XP
 C = Vault XP percentage of total XP
 D = Non-vault monster count
 E = Vault monster count
 F = Vault count percentage of total count
                 A         B        C        D         E       F
            +---------+---------+-------+---------+---------+-------
      Total |      41 |       0 |   0.0 |      26 |       0 |   0.0
            +---------+---------+-------+---------+---------+-------
        D:1 |      39 |       0 |   0.0 |      25 |       0 |   0.0
        D:2 |       2 |       0 |   0.0 |       1 |       0 |   0.0
            +---------+---------+-------+---------+---------+-------
